 Dungeon Crawl Stone Soup version 0.28-a0-1234-g826d19b2e0 (webtiles) character file.

Game seed: 1045669427616224335

101545 SkyBlueFox the Nimble (level 15, -9/124 (135) HPs)
             Began as a Minotaur Transmuter on Dec 21, 2021.
             Was the Champion of Wu Jian.
             Mangled by a wolf spider simulacrum (32 damage)
             ... led by a necromancer
             ... on level 15 of the Dungeon on Dec 24, 2021.
             The game lasted 02:14:11 (38667 turns).

SkyBlueFox the Nimble (Minotaur Transmuter)        Turns: 38667, Time: 02:14:12

HP:   -9/124 (135)  AC:  9    Str: 15    XL:     15   Next: 83%
MP:   19/21         EV: 19    Int: 18    God:    Wu Jian [******]
Gold: 2115          SH:  5    Dex: 14    Spells: 7/23 levels left

rFire   + + .      SeeInvis .     - Unarmed
rCold   . . .      Faith    .   (no shield)
rNeg    . . .      Spirit   .   w - +0 robe "Socuwk" {rF+ Int+2}
rPois   +          Reflect  +   W - +0 hat
rElec   .          Harm     .   q - +2 cloak
rCorr   +          Rampage  .   O - +0 pair of gloves
Will    ++...                   H - +0 pair of boots
Stlth   +.........              s - amulet of reflection
HPRegen 0.30/turn               e - ring of wizardry {Wiz+, !d}
MPRegen 0.17/turn               d - ring "Obenwijo" {rPois rF+ Will+ rCorr Int+2}

@: wereblooded, drained
A: horns 2, retaliatory headbutt, iridescent scales 1
a: Renounce Religion, Wall Jump, Serpent's Lash, Heavenly Storm


You were on level 15 of the Dungeon.
You worshipped Wu Jian.
Wu Jian was exalted by your worship.
You visited 4 branches of the dungeon, and saw 24 of its levels.
You visited 2 bazaars.
You also visited: Sewer and Bailey.

You collected 2824 gold pieces.
You spent 709 gold pieces at shops.

Inventory:

Hand Weapons
 Z - the +6 mace of Idghoxano {freeze, *Rage rC+ rN+ Str+2}
   (You found it in a bailey)

   It freezes those it strikes, dealing additional cold damage.
   It can also slow down cold-blooded creatures.
   Str:       It affects your strength (+2).
   rC:        It protects you from cold.
   rN:        It protects you from negative energy.
   *Rage:     It berserks you when you make melee attacks (+20% chance).
Missiles
 I - 11 throwing nets {=f, !d}
Armour
 q - a +2 cloak (worn)
   (You found it on level 2 of the Dungeon)
 w - the +0 robe "Socuwk" (worn) {rF+ Int+2}
   (You found it on level 13 of the Dungeon)

   Int:       It affects your intelligence (+2).
   rF:        It protects you from fire.
 H - a +0 pair of boots (worn)
   (You found it on level 10 of the Dungeon)
 O - a +0 pair of gloves (worn)
   (You found it on level 10 of the Dungeon)
 T - a +2 kite shield of cold resistance
   (You took it off a tengu warrior on level 15 of the Dungeon)
 W - a +0 hat (worn)
   (You found it on level 6 of the Lair of Beasts)
Magical Staves
 y - a staff of air {rElec}
   (You found it on level 4 of the Lair of Beasts)
 N - a staff of fire {rF+}
   (You took it off a wizard on level 10 of the Dungeon)
 U - a staff of cold {rC+}
   (You found it on level 4 of the Lair of Beasts)
Jewellery
 d - the ring "Obenwijo" (right hand) {rPois rF+ Will+ rCorr Int+2}
   (You acquired it on level 6 of the Dungeon)

   [ring of protection from fire]

   Int:       It affects your intelligence (+2).
   rF:        It protects you from fire.
   rPois:     It protects you from poison.
   rCorr:     It protects you from acid and corrosion.
   Will:      It increases your willpower.
 e - a ring of wizardry (left hand) {Wiz+, !d}
   (You found it on level 6 of the Dungeon)
 n - a ring of flight {+Fly, !d}
   (You found it on level 6 of the Lair of Beasts)
 s - an amulet of reflection (around neck)
   (You found it on level 4 of the Dungeon)
 P - a ring of protection from fire {rF+, !d}
   (You found it on level 4 of the Lair of Beasts)
Wands
 a - a wand of polymorph (11)
   (You found it on level 8 of the Dungeon)
 u - a wand of acid (9)
   (You found it on level 3 of the Dungeon)
 v - a wand of charming (18)
   (You found it on level 4 of the Dungeon)
 L - a wand of paralysis (16)
   (You took it off Psyche on level 11 of the Dungeon)
Scrolls
 b - 2 scrolls of fog
 f - 11 scrolls of teleportation
 g - a scroll of silence
 h - 6 scrolls of blinking {!r}
 j - a scroll of amnesia
 l - 3 scrolls of enchant weapon
 p - a scroll of torment {!r}
 x - 2 scrolls of immolation {!r}
 z - 5 scrolls of fear
 A - a scroll of summoning
 B - 5 scrolls of vulnerability {!r!r}
 F - 3 scrolls of enchant armour
 M - a scroll of magic mapping {!r}
 S - 7 scrolls of identify
 V - a scroll of brand weapon {unknown}
Potions
 c - 4 potions of invisibility
 i - 5 potions of heal wounds
 k - 3 potions of haste
 m - 10 potions of curing
 o - 3 potions of attraction {!q}
 r - 2 potions of lignification {!q}
 t - 3 potions of might
 E - 5 potions of flight
 G - a potion of ambrosia
 J - 2 potions of brilliance
 Q - 2 potions of cancellation
 R - 2 potions of resistance
 X - 3 potions of magic
 Y - 2 potions of berserk rage {!q}
Miscellaneous
 C - a condenser vane
   (You found it on level 14 of the Dungeon)
 D - a phantom mirror
   (You found it on level 9 of the Dungeon)
 K - a box of beasts
   (You found it on level 10 of the Dungeon)


   Skills:
 - Level 13.0 Fighting
 - Level 14.8 Dodging
 + Level 4.6 Shields
 - Level 14.6 Unarmed Combat
 - Level 4.7 Spellcasting
 - Level 13.0 Transmutations
 - Level 7.0 Earth Magic
 - Level 3.0 Poison Magic
 - Level 2.2 Evocations


You had 7 spell levels left.
You knew the following spells:

 Your Spells              Type           Power      Damage    Failure   Level
a - Beastly Appendage     Tmut           100%       N/A       1%          1
b - Statue Form           Tmut/Erth      26%        N/A       14%         6
c - Spider Form           Tmut/Pois      33%        N/A       1%          3
d - Ice Form              Ice/Tmut       27%        N/A       4%          4
e - Wereblood             Tmut           50%        N/A       1%          2

Your spell library contained the following spells:

 Spells                   Type           Power      Damage    Failure   Level
 Sting                    Tmut/Pois      100%       1d8       1%          1
 Petrify                  Tmut/Erth      40%        N/A       1%          4
 Poisonous Vapours        Pois/Air       18%        N/A       4%          2
 Animate Skeleton         Necr           8%         N/A       6%          1
 Apportation              Tloc           8%         N/A       6%          1
 Freeze                   Ice            16%        1d4       6%          1
 Summon Small Mammal      Summ           16%        N/A       6%          1
 Blink                    Tloc           8%         N/A       9%          2
 Corpse Rot               Necr/Air       8%         N/A       9%          2
 Ensorcelled Hibernation  Hex/Ice        8%         N/A       9%          2
 Sublimation of Blood     Necr           4%         N/A       9%          2
 Dazzling Flash           Conj/Hex       8%         N/A       16%         3
 Frozen Ramparts          Ice            8%         1d2       16%         3
 Lesser Beckoning         Tloc           4%         N/A       16%         3
 Tukima's Dance           Hex            4%         N/A       16%         3
 Olgreb's Toxic Radiance  Pois           15%        N/A       16%         4
 Dispel Undead            Necr           4%         3d7       45%         4
 Hailstorm                Conj/Ice       4%         3d4       45%         4
 Iskenderun's Mystic Bla  Conj/Tloc      4%         2d3       45%         4
 Summon Ice Beast         Ice/Summ       4%         N/A       45%         4
 Freezing Cloud           Conj/Ice/Air   2%         6-21      80%         5
 Manifold Assault         Tloc           4%         N/A       80%         5
 Metabolic Englaciation   Hex/Ice        2%         N/A       80%         5
 Summon Mana Viper        Hex/Summ       4%         N/A       80%         5
 Death Channel            Necr           2%         N/A       100%        6
 Starburst                Conj/Fire      2%         6d3       100%        6
 Monstrous Menagerie      Summ           2%         N/A       100%        7
 Summon Hydra             Summ           2%         N/A       100%        7


Dungeon Overview and Level Annotations

Branches:
Dungeon (15/15)            Temple (1/1) D:7            Lair (6/6) D:11
  Swamp (0/4) Lair:3       Spider (0/4) Lair:3        Slime (0/5) Lair:6
    Orc (2/2) D:9             Elf (0/3) Orc:2        Vaults (0/5) D:14
 Depths (0/4) D:15          Sewer (visited)          Bailey (visited)

Altars:
Ashenzari
Cheibriados
Dithmenos
Elyvilon
Fedhas
Gozag
Hepliaklqana
Kikubaaqudgha
Makhleb
Nemelex Xobeh
Okawaru
Qazlal
Ru
Sif Muna
Trog
Uskayaw
Vehumet
Wu Jian
Xom
Yredelemnul
Zin
The Shining One
Beogh

Shops:
D:1 *(   D:8 *   Orc:1 *   Orc:2 (!=(

Annotations:
D:15 Agnes


Innate Abilities, Weirdness & Mutations

You have a pair of horns on your head.
You reflexively headbutt those who attack you in melee.
You are partially covered in iridescent scales. (AC +2)


Message History

You close the door.
You howl as the wereblood boils in your veins!
Something unseen breaks down the door.
You hear some strange, mumbled words.
A fireball appears from out of thin air!
The fireball explodes!
The fireball engulfs you! You resist.
You take 8 damage, and have 167/175 hp.
You howl as the wereblood boils in your veins!
Something hits you but does no damage.
There is a broken door, spattered with blood here.
You closely miss something.
You howl as the wereblood boils in your veins!
Something hits you but does no damage.
You barely miss something. You headbutt something!
Something hits you but does no damage.
You pummel something like a punching bag!!!
You feel a bit better. The Council accepts your kill.
Reactivating autopickup.
You feel a bit more experienced.
Your Shields skill increases to level 4!
Items here: )) [ ††.
You revert to your normal fleshy form.
Your +0 pair of gloves unmelds from your body.
Your +0 pair of boots unmelds from your body.
The +0 robe "Socuwk" {rF+ Int+2} unmelds from your body.
You now have 131/135 hp.
Your primal bloodlust is almost over.
Your primal bloodlust has ended.
There is a broken door, spattered with blood here.
A centaur warrior skeleton comes into view.
The centaur warrior skeleton moves out of view.
Health restored: 135; MP restored: 21 An orc sorcerer comes into view.
It is wielding a +0 dagger.
Found a staircase to the Depths.
You lunge at the orc sorcerer, in a flurry of attacks.
You punch the orc sorcerer! x2; Your headbutt misses the orc sorcerer.
The orc sorcerer casts a spell at you. The bolt of negative energy hits you!!
You feel drained.
You take 38 damage, and have 97/129 hp.
MASSIVE DAMAGE!!
You hit the orc sorcerer.
A wolf spider simulacrum comes into view.
The centaur warrior skeleton hits you.
The centaur warrior skeleton completely misses you.
The orc sorcerer hits you but does no damage.
You take 4 damage, and have 93/129 hp.
You punch the orc sorcerer!
You kill the orc sorcerer!
The Council accepts your kill.
The centaur warrior skeleton barely misses you.
The centaur warrior skeleton completely misses you.
A necromancer comes into view.
It is wielding a +1 dagger of electrocution.
You pummel the centaur warrior skeleton!!
You punch the centaur warrior skeleton. The centaur warrior skeleton hits you.
The centaur warrior skeleton kicks you but does no damage.
You take 2 damage, and have 91/130 hp.
You punch the centaur warrior skeleton!
You headbutt the centaur warrior skeleton!
The centaur warrior skeleton completely misses you.
You furiously retaliate!
You headbutt the centaur warrior skeleton.
The centaur warrior skeleton completely misses you.
The necromancer gestures at you while chanting.
The bolt of negative energy hits the centaur warrior skeleton.
The centaur warrior skeleton completely resists.
The bolt of negative energy hits you!!
You feel drained.
You take 30 damage, and have 61/123 hp.
MASSIVE DAMAGE!!
Your blood is infused with primal strength.
The centaur warrior skeleton hits you but does no damage.
The centaur warrior skeleton closely misses you.
You now have 19/21 mp.
You are too injured to fight recklessly!
You are too injured to fight recklessly!
You are too injured to fight recklessly!
Unknown command.
You spin and attack the centaur warrior skeleton.
You punch the centaur warrior skeleton!
You feel a bit better.
You destroy the centaur warrior skeleton!
The Council accepts your kill.
Things that are here:
a +0 dagger; a +2 robe You regained 2 hp, and now have 63/124 hp.
You hit the wolf spider simulacrum. The wolf spider simulacrum misses you.
You furiously retaliate!
You headbutt the wolf spider simulacrum.
The wolf spider simulacrum closely misses you.
You hit the wolf spider simulacrum. You punch the wolf spider simulacrum!
You punch the wolf spider simulacrum.
You howl as the wereblood boils in your veins!
The wolf spider simulacrum hits you!
The wolf spider simulacrum freezes you!!
* * * LOW HITPOINT WARNING * * *
The wolf spider simulacrum bites you!
* * * LOW HITPOINT WARNING * * *
The wolf spider simulacrum freezes you!!
You die...

.....#............<# #.......##.
.....#....########## #.......###
.....#..#.# #.......# #
.....#....###### #.......# #
####.#..###... .##########'#### #
#.##.##... ..##......#.# #
#.##.#..#####..#.####.#.#
####.##)#).#...#..#........#
........'..#.>pZ@.#........#
#######.#..#...#..##.###..#######
#######.#..#####..##.# #..#......
........##.......###.# #..#......
###########.....####.# #.........
#################.##.###.........
..............# #...............#
.....########.###.##.##.....###.#
####.# #...............###..


You could see a necromancer and a wolf spider simulacrum.

Vanquished Creatures
  Rupert (Orc:2)
  Jorgrun (D:15)
  A bunyip (shapeshifter) (D:13)
  Snorg (D:11)
  4 vault guards (D:14)
  3 boulder beetles
  11 hydras
  An ice dragon (Lair:5)
  6 catoblepae
  3 ogre magi
  A death knight (D:14)
  8 death yaks
  5 centaur warriors
  7 two-headed ogres
  2 tengu warriors (D:15)
  Sonja (D:13)
  Nergalle (Lair:3)
  5 skeletal warriors
  A bog body (Lair:4)
  3 wizards
  2 orc sorcerers
  8 orc knights (Orc:2)
  3 deep elf pyromancers
  An orb spider (shapeshifter) (D:15)
  5 cyclopes
  8 manticores
  11 ugly things
  6 black mambas
  An ice statue (Lair:4)
  9 elephants
  A naga mage (D:15)
  A gargoyle (D:11)
  2 torpor snails
  A centaur skeleton (D:15)
  Psyche (D:11)
  4 cane toads
  2 unseen horrors (D:10)
  6 rime drakes
  A rime drake (shapeshifter) (D:13)
  An efreet (D:13)
  10 komodo dragons
  2 trolls
  2 ice devils (Orc:2)
  5 polar bears
  2 meliai (D:10)
  A jumping spider (Lair:3)
  17 blink frogs
  12 slime creatures
  2 shadows
  2 meliai zombies (D:10)
  2 centaur simulacra (D:14)
  3 wraiths
  A redback (Lair:3)
  5 wyverns
  4 basilisks
  48 yaks
  A steam dragon (D:8)
  3 vampire mosquitoes
  6 wargs
  Menkaure (D:7)
  A death yak simulacrum (Lair:4)
  A harpy simulacrum (Lair:4)
  3 acid dragons
  16 water moccasins
  A sky beast (D:6)
  28 orc warriors
  6 black bears
  10 ogres
  10 wolves
  15 centaurs
  2 kobold brigands
  3 scorpions
  8 gnoll sergeants (Bailey)
  20 bullfrogs
  A cane toad simulacrum (Lair:4)
  A wyvern skeleton (D:6)
  A water moccasin skeleton (D:4)
  4 killer bees (D:7)
  16 wights
  An electric eel (D:7)
  5 howler monkeys
  6 centaur zombies
  3 hounds
  2 bullfrog zombies
  9 orc priests
  3 iron imps (D:3)
  A bullfrog skeleton (D:5)
  8 gnoll shamans
  An iguana (D:4)
  Natasha (twice) (D:2)
  Terence (D:3)
  10 orc wizards
  2 killer bee zombies (D:9)
  A wolf simulacrum (Lair:4)
  A mummy (D:10)
  A hound skeleton (D:5)
  Robin (D:2)
  2 howler monkey zombies
  5 adders
  30 gnolls
  A howler monkey skeleton (D:6)
  A naga simulacrum (Lair:4)
  A river rat (Sewer)
  A worm (D:5)
  A dart slug (D:1)
  42 orcs
  5 ball pythons
  4 bats
  4 endoplasms
  5 giant cockroaches
  12 goblins
  9 hobgoblins
  8 jackals
  4 quokkas
  5 frilled lizards
  12 kobolds
  10 rats
  A butterfly (D:7)
637 creatures vanquished.

Vanquished Creatures (collateral kills)
  An orc warrior (Orc:2)
  4 orcs (Orc:2)
5 creatures vanquished.

Vanquished Creatures (others)
  38 fungi
  62 plants
100 creatures vanquished.

Grand Total: 742 creatures vanquished

Notes
Turn   | Place    | Note
-------+----------+-------------------------------------------
     0 | D:1      | SkyBlueFox the Minotaur Transmuter began the quest for the
                  | Orb.
     0 | D:1      | Reached XP level 1. HP: 16/16 MP: 1/1
   120 | D:1      | Reached XP level 2. HP: 17/24 MP: 3/3
   310 | D:1      | Reached skill level 2 in Fighting
   404 | D:1      | Reached skill level 2 in Transmutations
   533 | D:1      | Reached XP level 3. HP: 25/29 MP: 2/4
   688 | D:1      | Found Uleororgh's General Store.
   749 | D:1      | Learned a level 3 spell: Spider Form
   843 | D:1      | Found Ogav Fei's Antique Weapon Boutique.
  1125 | D:2      | Found a faded altar of an unknown god.
  1484 | D:2      | Reached skill level 4 in Unarmed Combat
  1742 | D:2      | Noticed Natasha
  1750 | D:2      | Killed Natasha
  1751 | D:2      | Reached skill level 3 in Fighting
  1751 | D:2      | Reached XP level 4. HP: 28/38 MP: 1/5
  1834 | D:2      | Noticed Natasha
  1856 | D:2      | Killed Natasha
  1857 | D:2      | Reached skill level 3 in Transmutations
  2051 | D:2      | Found a broken altar of Ashenzari.
  2163 | D:2      | Noticed Robin
  2178 | D:2      | Killed Robin
  2547 | D:3      | Reached skill level 1 in Poison Magic
  2547 | D:3      | Reached XP level 5. HP: 42/45 MP: 1/6
  3157 | D:3      | Noticed Terence
  3165 | D:3      | Killed Terence
  3278 | D:3      | Reached XP level 6. HP: 48/51 MP: 3/7
  3390 | D:3      | Found a blossoming altar of Fedhas.
  3399 | D:3      | Found a hide-covered altar of Uskayaw.
  3532 | D:3      | Found a burning altar of Makhleb.
  3552 | D:3      | Reached skill level 2 in Poison Magic
  3555 | D:3      | Reached skill level 4 in Transmutations
  4202 | D:4      | Reached XP level 7. HP: 38/57 MP: 5/8
  4332 | D:4      | Reached skill level 3 in Poison Magic
  4520 | D:4      | Found an opulent altar of Gozag.
  4751 | D:5      | Entered Level 5 of the Dungeon
  4984 | D:5      | Found a glowing drain.
  5009 | Sewer    | Entered a sewer
  5162 | Sewer    | Reached skill level 5 in Transmutations
  5377 | Sewer    | Found a white marble altar of Elyvilon.
  5537 | D:5      | Identified 2 scrolls of acquirement
  5537 | D:5      | Acquired a book of Sloth
  5652 | D:5      | You fall into a shaft and drop 1 floor!
  5661 | D:6      | Reached skill level 3 in Dodging
  5869 | D:6      | Reached skill level 4 in Fighting
  6212 | D:5      | Reached skill level 5 in Unarmed Combat
  6457 | D:6      | Reached XP level 8. HP: 31/67 MP: 6/9
  6641 | D:6      | Reached skill level 4 in Dodging
  6667 | D:6      | Acquired the ring "Obenwijo" {rPois rF+ Will+ rCorr Int+2}
  6849 | D:6      | Reached skill level 5 in Fighting
  7272 | D:7      | Noticed a cyclops
  7472 | D:7      | Killed a cyclops
  7473 | D:7      | Reached skill level 6 in Fighting
  7473 | D:7      | Reached skill level 5 in Dodging
  7473 | D:7      | Reached skill level 6 in Unarmed Combat
  7735 | D:7      | Noticed a slime creature
  7735 | D:7      | Noticed a slime creature
  7735 | D:7      | Noticed a slime creature
  7735 | D:7      | Noticed a slime creature
  7735 | D:7      | Noticed a slime creature
  7771 | D:7      | Killed a slime creature
  7772 | D:7      | Reached skill level 6 in Dodging
  7772 | D:7      | Reached XP level 9. HP: 49/78 MP: 7/10
  7925 | D:7      | Found a staircase to the Ecumenical Temple.
  8015 | D:7      | Noticed Menkaure
  8026 | D:7      | HP: 12/78 [??? (10)]
  8027 | D:7      | Killed Menkaure
  8028 | D:7      | Reached skill level 7 in Unarmed Combat
  8035 | Temple   | Entered the Ecumenical Temple
  8388 | Temple   | Upgraded the game from 0.28-a0-1212-gc6b4282bc0 to
                  | 0.28-a0-1227-ga9037bb4c8
  8393 | Temple   | Became a worshipper of the Wu Jian Council
  8467 | D:7      | Reached skill level 7 in Fighting
  8616 | D:7      | Found a bloodstained altar of Trog.
  8619 | D:7      | Found a basalt altar of Yredelemnul.
  8859 | D:7      | Found a broken altar of Ashenzari.
  8916 | D:7      | Reached skill level 2 in Spellcasting
  9153 | D:7      | HP: 18/79 [very large slime creature (8)]
  9187 | D:7      | Killed a very large slime creature
  9188 | D:7      | Reached skill level 3 in Spellcasting
  9360 | D:7      | Reached skill level 4 in Spellcasting
  9360 | D:7      | Reached skill level 6 in Transmutations
  9475 | D:7      | Learned a level 6 spell: Statue Form
  9480 | D:7      | Learned a level 4 spell: Ice Form
  9528 | D:7      | Found a glowing golden altar of the Shining One.
  9719 | D:8      | Reached XP level 10. HP: 86/86 MP: 11/15
  9902 | D:8      | Found Rityum's Hallowed Reliquary.
  9902 | D:8      | Noticed an angel
 10975 | D:9      | Reached * piety under Wu Jian
 10976 | D:9      | Reached skill level 1 in Earth Magic
 11154 | D:9      | Noticed a two-headed ogre
 11172 | D:9      | Killed a two-headed ogre
 11173 | D:9      | Reached skill level 7 in Dodging
 11173 | D:9      | Reached skill level 7 in Transmutations
 11173 | D:9      | Reached skill level 2 in Earth Magic
 11408 | D:9      | Acquired 455 gold pieces
 11432 | D:9      | Reached skill level 8 in Unarmed Combat
 11953 | D:9      | Found a sacrificial altar of Ru.
 11955 | D:9      | Found a staircase to the Orcish Mines.
 12115 | D:9      | Gained mutation: You are partially covered in iridescent
                  | scales. (AC +2) [potion of mutation]
 12116 | D:9      | Upgraded the game from 0.28-a0-1227-ga9037bb4c8 to
                  | 0.28-a0-1233-g92def6ad0a
 12153 | D:10     | Entered Level 10 of the Dungeon
 12280 | D:10     | Reached skill level 3 in Earth Magic
 12411 | D:10     | Found an ancient bone altar of Kikubaaqudgha.
 12511 | D:10     | Found a snail-covered altar of Cheibriados.
 12935 | D:10     | Found a white marble altar of Elyvilon.
 13046 | D:10     | Reached XP level 11. HP: 26/92 MP: 10/16
 13513 | D:10     | Noticed a two-headed ogre
 13522 | D:10     | Killed a two-headed ogre
 13523 | D:10     | Reached skill level 4 in Earth Magic
 13799 | D:10     | Reached skill level 8 in Transmutations
 14240 | D:10     | Reached skill level 8 in Dodging
 14259 | D:10     | Reached ** piety under Wu Jian
 14583 | D:10     | Reached skill level 5 in Earth Magic
 14770 | D:10     | Noticed a two-headed ogre
 14770 | D:10     | Noticed a two-headed ogre
 14786 | D:10     | Killed a two-headed ogre
 14787 | D:10     | Reached skill level 9 in Unarmed Combat
 15079 | D:10     | Killed a two-headed ogre
 15689 | D:10     | Noticed a boulder beetle
 15712 | D:10     | Killed a boulder beetle
 15713 | D:10     | Reached skill level 9 in Transmutations
 15871 | D:10     | Noticed an ogre mage
 15871 | D:10     | Noticed an ogre mage
 15874 | D:10     | Noticed a wizard
 15876 | D:10     | Noticed a boulder beetle
 15877 | D:10     | Killed an ogre mage
 15878 | D:10     | Reached skill level 9 in Dodging
 15889 | D:10     | HP: 15/92 [something (10)]
 16346 | D:10     | Killed a wizard
 16349 | D:10     | Killed an ogre mage
 16395 | D:10     | Killed a boulder beetle
 16396 | D:10     | Reached XP level 12. HP: 77/100 MP: 14/17
 16692 | D:11     | Reached skill level 10 in Unarmed Combat
 17041 | Orc:1    | Entered Level 1 of the Orcish Mines
 17162 | Orc:2    | Entered Level 2 of the Orcish Mines
 17462 | Orc:2    | Found a staircase to the Elven Halls.
 17549 | Orc:2    | Found a frozen archway.
 17549 | Orc:2    | Noticed Rupert
 17778 | Orc:1    | Reached skill level 10 in Transmutations
 17831 | Orc:1    | Reached *** piety under Wu Jian
 17990 | Orc:1    | Found Qeymnuw's General Store.
 18000 | Orc:1    | Bought a scroll of blinking for 97 gold pieces
 18000 | Orc:1    | Bought a potion of heal wounds for 65 gold pieces
 18000 | Orc:1    | Bought a scroll of teleportation for 39 gold pieces
 18168 | Orc:2    | Noticed a two-headed ogre
 18196 | Orc:1    | Killed a two-headed ogre
 18451 | Orc:2    | Paralysed by Rupert for 4 turns
 18462 | Orc:2    | Killed Rupert
 18475 | Orc:2    | Reached skill level 10 in Dodging
 18495 | Orc:2    | HP: 23/100 [warg (6)]
 19343 | Orc:2    | Reached skill level 6 in Earth Magic
 19750 | Orc:2    | Reached skill level 11 in Unarmed Combat
 19812 | Orc:2    | Reached **** piety under Wu Jian
 19938 | Orc:2    | Reached skill level 11 in Transmutations
 20084 | Orc:2    | Found Dexewiugg's Antique Weapon Shop.
 20084 | Orc:2    | Found Joem Xilu's Distillery.
 20324 | Orc:2    | Found Feon's Jewellery Shop.
 20324 | Orc:2    | Found Taomnex's Weapon Shoppe.
 20666 | Orc:2    | Reached XP level 13. HP: 105/105 MP: 14/18
 20891 | D:10     | HP: 25/136 [skeletal warrior[a skeletal warrior] (12)]
 21300 | D:11     | Noticed Psyche
 21310 | D:11     | Killed Psyche
 21461 | D:11     | Reached skill level 11 in Dodging
 21709 | D:11     | Learned a level 2 spell: Wereblood
 22128 | D:11     | Noticed Snorg
 22156 | D:11     | HP: 10/105 [Snorg (20)]
 22645 | D:11     | Got the Grimoire of Floating Transmigration
 22681 | D:11     | Found a staircase to the Lair.
 22945 | D:11     | Killed Snorg
 22946 | D:11     | Reached skill level 7 in Earth Magic
 23235 | Lair:1   | Entered Level 1 of the Lair of Beasts
 23913 | Lair:1   | Reached skill level 12 in Transmutations
 24082 | Lair:1   | Reached ***** piety under Wu Jian
 24276 | Lair:2   | Reached skill level 12 in Unarmed Combat
 24449 | Lair:2   | HP: 31/126 [death yak[a torpor snail] (12)]
 24455 | Lair:2   | HP: 22/126 [death yak[a torpor snail] (23)]
 24457 | Lair:2   | HP: 8/126 [death yak[a torpor snail] (15)]
 26395 | Lair:3   | HP: 32/128 [poisoned by a redback]
 26399 | Lair:3   | HP: 15/128 [poisoned by a redback]
 26404 | Lair:3   | HP: 9/128 [poisoned by a redback]
 26794 | Lair:3   | Found a hole to the Spider Nest.
 26807 | Lair:3   | Reached skill level 8 in Fighting
 26895 | Lair:3   | Noticed Nergalle
 27123 | Lair:3   | Found a staircase to the Swamp.
 27160 | Lair:3   | Killed Nergalle
 27688 | Lair:4   | Reached skill level 12 in Dodging
 27873 | Lair:4   | Reached XP level 14. HP: 78/115 MP: 19/19
 28721 | Lair:4   | Reached skill level 13 in Transmutations
 29027 | Lair:4   | Found a shimmering altar of Xom.
 29302 | Lair:5   | Reached skill level 9 in Fighting
 30208 | Lair:5   | Reached skill level 10 in Fighting
 30326 | Lair:5   | Upgraded the game from 0.28-a0-1233-g92def6ad0a to
                  | 0.28-a0-1234-g826d19b2e0
 30625 | Lair:6   | Entered Level 6 of the Lair of Beasts
 31003 | Lair:6   | Found a staircase to the Slime Pits.
 31381 | Lair:6   | Reached skill level 11 in Fighting
 31381 | Lair:6   | Reached skill level 13 in Dodging
 31853 | Lair:6   | Reached ****** piety under Wu Jian
 31987 | Lair:6   | Reached skill level 13 in Unarmed Combat
 32288 | Lair:6   | Reached skill level 12 in Fighting
 32518 | Lair:6   | Reached XP level 15. HP: 134/134 MP: 13/20
 32736 | Lair:6   | Identified the +6 flail "Yhaofida" {flame, Fragile rF-
                  | rCorr Int+9}
 33148 | D:12     | Found an ornate altar of the Wu Jian Council.
 33628 | D:12     | Found a flagged portal.
 33639 | Bailey   | Entered a bailey
 33886 | Bailey   | Identified the +6 mace of Idghoxano {freeze, *Rage rC+ rN+
                  | Str+2}
 34414 | D:13     | Identified the +0 robe "Socuwk" {rF+ Int+2}
 34439 | D:13     | Reached skill level 13 in Fighting
 34968 | D:13     | Reached skill level 14 in Dodging
 35017 | D:13     | Noticed Sonja
 35019 | D:13     | Killed Sonja
 36017 | D:14     | Reached skill level 14 in Unarmed Combat
 36017 | D:14     | Found a flickering gateway to a bazaar.
 36040 | Bazaar   | Entered a bazaar
 36296 | Bazaar   | Found Ofrio's Weapon Shop.
 36311 | Bazaar   | Found Owudwymp's Antique Weapon Emporium.
 36317 | Bazaar   | Found Apyiwn Ynec's Armour Shop.
 36325 | Bazaar   | Found Yviosen's General Store.
 36333 | Bazaar   | Bought a potion of curing for 42 gold pieces
 36333 | Bazaar   | Bought a scroll of teleportation for 42 gold pieces
 36372 | D:14     | HP: 32/135 [centaur warrior (4)]
 36376 | D:14     | HP: 3/135 [centaur warrior (15)]
 37079 | D:14     | Found a gate to the Vaults.
 37095 | D:14     | Reached skill level 1 in Evocations
 37428 | D:15     | Entered Level 15 of the Dungeon
 37596 | D:15     | Found a flickering gateway to a bazaar.
 37605 | Bazaar   | Entered a bazaar
 37605 | Bazaar   | Found Inisych's Distillery.
 37610 | Bazaar   | Found Reebub's Book Boutique.
 37636 | Bazaar   | Found Toifier's General Store.
 37641 | Bazaar   | Found Wazot's Weapon Emporium.
 37653 | Bazaar   | Found Elask's Magic Scroll Boutique.
 37659 | Bazaar   | Bought a scroll of fog for 22 gold pieces
 37659 | Bazaar   | Bought a scroll of enchant armour for 82 gold pieces
 37670 | Bazaar   | Bought a potion of haste for 140 gold pieces
 37687 | Bazaar   | Bought 2 potions of resistance for 180 gold pieces
 37791 | D:15     | Reached skill level 2 in Evocations
 37872 | D:15     | Reached skill level 1 in Shields
 38175 | D:15     | Noticed Agnes
 38267 | D:15     | Reached skill level 2 in Shields
 38306 | D:15     | Noticed Jorgrun
 38316 | D:15     | Killed Jorgrun
 38317 | D:15     | Reached skill level 3 in Shields
 38554 | D:15     | Found a hide-covered altar of Uskayaw.
 38625 | D:15     | Reached skill level 4 in Shields
 38658 | D:15     | Found a staircase to the Depths.
 38667 | D:15     | HP: 31/124 [wolf spider simulacrum[a necromancer] (20)]
 38667 | D:15     | Mangled by a wolf spider simulacrum

Illustrated notes

Levels and vault maps discovered:
D:1:      evilmike_arrival_crescent, layout_basic, serial_shops,
          nicolae_square_shop, nicolae_shop_crystal
D:2:      layout_basic, basic_altar, hellmonk_ecumenical_altar_run_dry,
          kennysheep_generic_room_6, uniq_robin, uniq_natasha
D:3:      layout_basic, demons_altar, amethyst_overflow_temple_binary,
          uniq_terence
D:4:      layout_basic, mainiacjoe_overflow_chevrons
D:5:      layout_basic, cheibrodos_sewer_entry_bend
D:6:      layout_basic
D:7:      layout_loops_ring, nicolae_overflow_hidden_temple,
          nicolae_overflow_squiral, ashenzari_conservatory_becter,
          minmay_temple_entry_butterflies, minmay_fountain_box,
          grunt_ministairs_5, minmay_checkerbox, uniq_menkaure
D:8:      layout_gridville, nicolae_good_shop
D:9:      layout_long_grid, hangedman_ru_absence, orc_0_dummy
D:10:     minmay_the_grid_triangle_9x9_rhombus_full
          [minmay_the_grid_triangle_9x9_windchime,
          minmay_the_grid_triangle_9x9_dagger,
          minmay_the_grid_triangle_9x9_skeleton,
          minmay_the_grid_triangle_9x9_zippers_vertical,
          minmay_the_grid_triangle_9x9_shrine,
          minmay_the_grid_triangle_9x9_cache,
          minmay_the_grid_triangle_9x9_corruption,
          minmay_the_grid_triangle_9x9_prize_center], layout_cave_pods,
          kiku_gazebo_pond_becter, old_standard_altar, slow_altar_1,
          kennysheep_generic_room_10
D:11:     layout_small_grid, due_lair_maze_entry_diamond, uniq_snorg,
          uniq_psyche
D:12:     layout_basic, enter_bailey_5, nicolae_wu_jian_wuxing_cycle
D:13:     layout_loops_ring, minmay_door_square, uniq_sonja
D:14:     layout_rooms, lightli_vaults_fourway_checkpoint, serial_park_square2,
          serial_shops, bzr_entry_water
D:15:     grunt_enter_depths_magical_seal, layout_basic, serial_shops,
          bzr_entry_dummy, nicolae_uskayaw_dance_hall, uniq_agnes, uniq_jorgrun
Temple:   compressed_dpeg_circular_temple
Lair:1:   layout_misc_corridors
Lair:2:   wander_river, layout_regular_city, beast_lair_carwin_2
Lair:3:   layout_chaotic_city, swamp_mist_pool, spider_nest_entry_a,
          serial_bayou_shore_a, lemuel_fruit_tree, uniq_nergalle
Lair:4:   dreamdust_isle_of_ice, layout_big_grid, basic_altar,
          beast_lair_carwin_10, grunt_megastairs_3
Lair:5:   dragon1_lemuel, layout_small_grid
Lair:6:   evilmike_catoblepas_cave, layout_layer_cave, slime_dummy
Orc:1:    layout_caves, basic_altar, serial_shops, shop,
          statue_in_the_mist_lemuel
Orc:2:    st_orc_town, layout_diamond_mine, portal_ice_cave_demonic_guard,
          uniq_rupert

Skill      XL: |  1  2  3  4  5  6  7  8  9 10 11 12 13 14 15 |
---------------+----------------------------------------------+-----
Fighting       | 2 3 4 6 7 8 12 13 | 13.0
Transmutations | 2 3 4 5 6 7 9 11 12 13 | 13.0
Unarmed Combat | 4 5 6 7 8 9 11 12 13 14 | 14.6
Poison Magic   | 1 2 3 |  3.0
Dodging        | 3 6 7 9 10 12 13 14 | 14.8
Spellcasting   | 4 |  4.7
Earth Magic    | 3 5 6 7 |  7.0
Evocations     | 2 |  2.2
Shields        | 4 |  4.6

Action                   |  1- 3 |  4- 6 |  7- 9 | 10-12 | 13-15 || total
-------------------------+-------+-------+-------+-------+-------++-------
Melee: Unarmed           |    96 |   102 |   287 |   764 |  1074 ||  2323
       Headbutt          |    13 |    10 |    11 |    16 |    96 ||   146
       Kick              |    12 |     3 |     7 |     1 |     4 ||    27
       Punch             |     1 |     1 |     3 |     2 |    33 ||    40
       Scimitar          |       |    12 |       |       |       ||    12
       Dagger            |       |       |     7 |       |       ||     7
 Cast: Beastly Appendage |    20 |     7 |     5 |     4 |     2 ||    38
       Spider Form       |     1 |     9 |    32 |    78 |    38 ||   158
       Ice Form          |       |       |       |     3 |    28 ||    31
       Statue Form       |       |       |       |     5 |    46 ||    51
       Wereblood         |       |       |       |       |    34 ||    34
Invok: Lunge             |       |       |     8 |    52 |    74 ||   134
       Whirlwind         |       |       |       |    50 |   106 ||   156
       Heavenly Storm    |       |       |       |       |     1 ||     1
 Abil: Wall Jump         |       |       |       |     1 |       ||     1
       End Transformatio |       |       |       |     1 |     8 ||     9
Evoke: Wand              |       |       |       |    11 |     2 ||    13
       Box of beasts     |       |       |       |     1 |     1 ||     2
       Phantom mirror    |       |       |       |     1 |       ||     1
  Use: Potion            |       |     1 |     2 |     2 |     2 ||     7
       Scroll            |       |       |    11 |    12 |     9 ||    32
 Stab: Sleeping          |     1 |     1 |       |       |       ||     2
       Invisible         |       |     2 |       |       |       ||     2
       Distracted        |       |       |       |     1 |     2 ||     3
Armor: Robe              |    17 |     3 |    22 |       |    17 ||    59
       Skin              |       |     4 |     7 |    28 |   268 ||   307
       Steam dragon scal |       |       |       |    15 |    15 ||    30
Dodge: Dodged            |    55 |    64 |   208 |   563 |   843 ||  1733
Block: Other             |       |       |    20 |   131 |   201 ||   352
       Reflection        |       |       |       |     5 |    10 ||    15

Table legend: (Time is in decaauts)
 A = Elapsed time spent in this place.
 B = Non-inter-level travel time spent in this place.
 C = Inter-level travel time spent in this place.
 D = Time resting spent in this place.
 E = Time spent auto-exploring this place.
 F = Levels seen in this place.
 G = Mean time per level.
                   A        B        C        D        E       F      G
               +--------+--------+--------+--------+--------+-----+--------+
         Total |  39230 |  38309 |    921 |   5335 |  26665 |  28 | 1401.1 |
       Dungeon |  23528 |  23030 |    498 |   2966 |  16272 |  15 | 1568.5 |
        Temple |    368 |    359 |      9 |      0 |    343 |   1 |  368.0 |
          Lair |  10157 |   9866 |    291 |   1073 |   7447 |   6 | 1692.8 |
  Orcish Mines |   3739 |   3616 |    123 |    842 |   1928 |   2 | 1869.5 |
        Bazaar |    416 |    416 |      0 |    251 |     86 |   2 |  208.0 |
         Sewer |    452 |    452 |      0 |    190 |    186 |   1 |  452.0 |
        Bailey |    568 |    568 |      0 |     12 |    400 |   1 |  568.0 |
               +--------+--------+--------+--------+--------+-----+--------+

Top non-repeatable levels by time:
    D:10: 5093 daAuts
   Orc:2: 2640 daAuts
  Lair:6: 2558 daAuts
    D:13: 2022 daAuts
     D:9: 1912 daAuts
     D:7: 1879 daAuts
    D:11: 1851 daAuts
  Lair:2: 1776 daAuts
  Lair:3: 1735 daAuts
  Lair:4: 1719 daAuts
     D:2: 1531 daAuts
     D:6: 1417 daAuts
  Lair:5: 1390 daAuts
     D:3: 1379 daAuts
    D:15: 1177 daAuts

Table legend:
 A = Kills in this place as a percentage of kills in entire the game.
 B = Kills by you in this place as a percentage of kills by you in the entire game.
 C = Kills by friends in this place as a percentage of kills by friends in the entire game.
 D = Other kills in this place as a percentage of other kills in the entire game.
 E = Experience gained in this place as a percentage of experience gained in the entire game.
 F = Experience gained in this place divided by the number of levels of this place that you have seen.
                   A       B       C       D       E      F
               +-------+-------+-------+-------+-------+----------------------
         Total | 100.0 | 100.0 | 100.0 |   N/A | 100.0 | 5180.9
       Dungeon |  50.1 |  50.5 |   0.0 |   N/A |  49.6 | 4798.8
          Lair |  26.7 |  26.9 |   0.0 |   N/A |  38.8 | 9371.8
  Orcish Mines |  16.7 |  16.0 | 100.0 |   N/A |  10.7 | 7759.0
         Sewer |   1.9 |   1.9 |   0.0 |   N/A |   0.1 | 120.0
        Bailey |   4.7 |   4.7 |   0.0 |   N/A |   0.8 | 1214.0
               +-------+-------+-------+-------+-------+----------------------
